 Dungeon Crawl Stone Soup version 0.26-a0-665-gefeb406119 (webtiles) character file.

Game seed: 9348878927761008888

32 Ijustatesigmund the Sneak (level 3, -2/18 HPs)
             Began as a Spriggan Wanderer on Oct 15, 2020.
             Slain by a gnoll (7 damage)
             ... on level 2 of the Dungeon.
             The game lasted 00:02:49 (2015 turns).

Ijustatesigmund the Sneak (Spriggan Wanderer)       Turns: 2015, Time: 00:02:50

Health: -2/18      AC:  1    Str: 11    XL:     3   Next: 10%
Magic:  4/4        EV: 17    Int: 12    God:
Gold:   35         SH:  0    Dex: 14    Spells: 2/2 levels left

rFire    . . .     SeeInvis +   a - +3 dagger
rCold    . . .     Faith    .   (shield restricted)
rNeg     . . .     Spirit   .   e - -1 robe (curse)
rPois    .         Reflect  .   (helmet restricted)
rElec    .         Harm     .   (no cloak)
rCorr    .         Rampage  .   (gloves unavailable)
MR       .....                  (boots unavailable)
Stlth    +++.......             (no amulet)
HPRegen  0.06/turn              (no ring)
MPRegen  0.09/turn              (no ring)

@: very quick
A: very small, unfitting armour, see invisible, speed 3
a: no special abilities


You were on level 2 of the Dungeon.
You visited 1 branch of the dungeon, and saw 2 of its levels.

You collected 35 gold pieces.

Inventory:

Hand Weapons
 a - a +3 dagger (weapon)
 c - a +0 short sword
Armour
 e - a cursed -1 robe (worn)
 g - a +0 robe
Scrolls
 d - a scroll of teleportation
 f - 2 scrolls of amnesia
Potions
 b - a potion of haste
 h - a potion of resistance {unknown}
 i - a potion of might
 j - 2 potions of curing {unknown}


   Skills:
 + Level 2.0 Fighting
 + Level 3.6 Short Blades
 + Level 2.5 Dodging
 + Level 6.3 Stealth


You had 2 spell levels left.
You didn't know any spells.
Your spell library was empty.

Dungeon Overview and Level Annotations

Branches:
Dungeon (2/15)

Altars:


Innate Abilities, Weirdness & Mutations

You are very small and have problems with some larger weapons.
You are too small for most types of armour.
You have supernaturally acute eyesight. (SInv)
You cover ground extremely quickly.


Message History

As you read the scroll labeled BEDDYL XOCUNG, it crumbles to dust.
It is a scroll of enchant weapon.
Your +2 dagger glows red for a moment.
j - 2 purple potions A gnoll comes into view.
It is wielding a +0 whip.
A gnoll comes into view.
The gnoll shouts!
You hear a shout!
The gnoll shouts!
Found a leather armour.
A gnoll comes into view. It is wielding a +0 halberd.
You barely miss the gnoll. You barely miss the gnoll.
The gnoll hits you but does no damage.
You closely miss the gnoll. The gnoll hits you with a +0 whip.
You hit the gnoll but do no damage. The gnoll misses you. x2
You hit the gnoll but do no damage. The gnoll hits you.
The gnoll closely misses you.
You closely miss the gnoll.
The gnoll hits you from afar with a +0 halberd!
* * * LOW HITPOINT WARNING * * *
The gnoll hits you!
You die...

.# .# . ..####.# . .
#......... ..
##....###.### ...
............ . ....
.g..... ...## #
.....##.g.###.##..#
#...[.g@......###.######
#######.####....†.†...<.
##.# ##..####..... #..#
##. #####. ###.## #. #
####.. #...# ## .##.....
#.### ........ ##.#
#....... #..#
#########.......


You could see 3 gnolls.

Vanquished Creatures
  A giant cockroach (D:1)
  3 hobgoblins
  5 jackals
  2 kobolds (D:1)
  6 bats (D:1)
  3 frilled lizards
  7 goblins
  6 rats
33 creatures vanquished.

Notes
Turn   | Place    | Note
-------+----------+-------------------------------------------
     0 | D:1      | Ijustatesigmund the Spriggan Wanderer began the quest for
                  | the Orb.
     0 | D:1      | Ijustatesigmund set off with the following items: a +2
                  | dagger, a potion of haste, a +0 short sword, a scroll of
                  | teleportation, a +0 robe
     0 | D:1      | Reached XP level 1. HP: 10/10 MP: 2/2
   341 | D:2      | Reached skill level 6 in Stealth
   452 | D:2      | Reached XP level 2. HP: 12/15 MP: 3/3
  1545 | D:1      | Reached XP level 3. HP: 10/18 MP: 4/4
  2015 | D:2      | Slain by a gnoll

Illustrated notes

Levels and vault maps discovered:
D:1:      dpeg_arrival_orchard, layout_loops_ring
D:2:      layout_rooms

Skill      XL: |  1  2 |
---------------+-------+-----
Stealth        | 6 |  6.3
Dodging        | 2 |  2.5
Fighting       | 2 |  2.0
Short Blades   | |  3.6

Action                   || total
-------------------------++-------
Melee: Dagger            ||    93
  Use: Scroll            ||     4
       Potion            ||     1
 Stab: Sleeping          ||     9
Armor: Robe              ||    14
Dodge: Dodged            ||    62

Table legend: (Time is in decaauts)
 A = Elapsed time spent in this place.
 B = Non-inter-level travel time spent in this place.
 C = Inter-level travel time spent in this place.
 D = Time resting spent in this place.
 E = Time spent auto-exploring this place.
 F = Levels seen in this place.
 G = Mean time per level.
                   A        B        C        D        E       F      G
               +--------+--------+--------+--------+--------+-----+--------+
         Total |   1729 |   1714 |     15 |   1002 |    461 |   2 |  864.5 |
       Dungeon |   1729 |   1714 |     15 |   1002 |    461 |   2 |  864.5 |
               +--------+--------+--------+--------+--------+-----+--------+

Top non-repeatable levels by time:
     D:2: 917 daAuts
     D:1: 811 daAuts
